 Dungeon Sprint DCSS version 0.31.0-32-g396128a36d (webtiles) character file.

Game seed: 9046174846263181125

173 Heoruswealwe the Spear-Bearer (level 5, -2/52 HPs)
             Began as a Minotaur Fighter on Mar 9, 2024.
             Was an Initiate of Gozag.
             Slain by a troll (7 damage)
             ... in the Dungeon (Sprint IX: "|||||||||||||||||||||||||||||").
             The game lasted 00:00:51 (106 turns).

Heoruswealwe the Spear-Bearer (Minotaur Fighter)     Turns: 106, Time: 00:00:51

Health: -2/52      AC:  8    Str: 22    XL:     5   Next: 28%
Magic:  4/4        EV:  9    Int:  5    God:    Gozag
Gold:   0          SH:  4    Dex: 10    Spells: 4/4 levels left

rFire   . . .        a - +0 trident
rCold   . . .        d - +0 buckler
rNeg    . . .        c - +0 scale mail
rPois   .            (helmet restricted)
rElec   .            (no cloak)
rCorr   .            (no gloves)
SInv    .            (no boots)
Will    .....        (no amulet) Stlth
                     (no ring)
HPRegen 0.28/turn    (no ring)
MPRegen 0.09/turn

%: no teleportation
@: gold aura
A: horns 2, retaliatory headbutt
a: Renounce Religion, Potion Petition, Call Merchant, Bribe Branch


You were in the Dungeon.
You worshipped Gozag.
Gozag was noncommittal.
You visited 1 branch

Inventory:

Hand Weapons
 a - a +0 trident (weapon)
Armour
 c - a +0 scale mail (worn)
 d - a +0 buckler (worn)
Jewellery
 k - a +2 ring of protection
 l - a +3 ring of strength
Wands
 h - a wand of light (10)
Scrolls
 j - 2 scrolls of blinking
Potions
 b - a potion of might
 e - 5 potions of curing
 f - 3 potions of heal wounds
 g - a potion of haste
 i - a potion of berserk rage


   Skills:
 + Level 7.4 Fighting
 * Level 9.5 Polearms
 + Level 7.4 Armour
 - Level 3.6 Shields


You had 4 spell levels left.
You didn't know any spells.
Your spell library was empty.

Dungeon Overview and Level Annotations

Branches:
Dungeon (1/1)

Altars:
Cheibriados
Dithmenos
Elyvilon
Fedhas
Gozag
Hepliaklqana
Kikubaaqudgha
Makhleb
Nemelex Xobeh
Okawaru
Qazlal
Ru
Sif Muna
Trog
Uskayaw
Vehumet
Wu Jian
Xom
Yredelemnul
Zin
The Shining One
Jiyva
Lugonu


Innate Abilities, Weirdness & Mutations

You have a pair of horns on your head.
You reflexively headbutt those who attack you in melee.


Message History

Your headbutt misses the kobold brigand.
The kobold brigand is severely wounded.
You block the kobold brigand's attack.
You puncture the kobold brigand!
You kill the kobold brigand!
Your Fighting skill increases to level 7!
Your Polearms skill increases to level 9!
Your Armour skill increases to level 7!
You have reached level 5!
You puncture the troll!
The troll is moderately wounded.
The troll bites you but does no damage. The troll barely misses you.
The troll closely misses you.
You hit the troll.
The troll is moderately wounded.
You hit the troll. Your headbutt misses the troll.
The troll is heavily wounded.
The troll barely misses you. You furiously retaliate!
You headbutt the troll! The troll closely misses you. x2
You hit the troll but do no damage.
You headbutt the troll, but do no damage.
The troll is severely wounded.
The troll is distracted by your dazzling golden aura.
The troll shouts!
You hit the troll.
The troll is no longer distracted by gold.
The troll is severely wounded.
The troll bites you! The troll claws you but does no damage.
The troll claws you!
You hit the troll but do no damage.
The troll is severely wounded.
The troll bites you!
* * * LOW HITPOINT WARNING * * *
The troll barely misses you. The troll claws you.
* * * LOW HITPOINT WARNING * * *
You barely miss the troll.
The troll is severely wounded.
The troll bites you!
You die...
Your body crumbles into a pile of gold. ▓▓▓▓▓▓▓▓▓▓▓▓▓▓▓▓▓▓▓▓▓▓▓▓ _______'!?).[[[.@TD.yc.. ▓▓▓▓▓▓▓▓▓▓▓▓▓▓▓▓▓▓▓▓▓▓▓▓

You could see a troll, an acid dragon, a centaur and a killer bee.

Vanquished Creatures
  A kobold brigand (D)
  A hound (D)
  A bombardier beetle (D)
  An iguana (D)
  An adder (D)
  A dart slug (D)
  An endoplasm (D)
  A goblin (D)
  A hobgoblin (D)
  2 quokkas (D)
11 creatures vanquished.

Notes
Turn   | Place    | Note
-------+----------+-------------------------------------------
     0 | D        | Heoruswealwe the Minotaur Fighter began the quest for the
                  | Orb.
     0 | D        | Reached XP level 1. HP: 19/19 MP: 0/0
     6 | D        | Reached skill level 3 in Polearms
    13 | D        | Reached skill level 4 in Polearms
    19 | D        | Noticed a hound
    19 | D        | Noticed a bombardier beetle
    19 | D        | Noticed an iguana
    21 | D        | Killed a hound
    22 | D        | Reached skill level 5 in Fighting
    22 | D        | Reached skill level 6 in Polearms
    22 | D        | Reached skill level 5 in Armour
    22 | D        | Reached XP level 2. HP: 26/29 MP: 1/1
    22 | D        | Reached XP level 3. HP: 33/36 MP: 2/2
    25 | D        | Reached skill level 7 in Polearms
    25 | D        | Reached XP level 4. HP: 35/44 MP: 3/3
    40 | D        | Reached skill level 8 in Polearms
    45 | D        | Found a snail-covered altar of Cheibriados.
    45 | D        | Found a shadowy altar of Dithmenos.
    45 | D        | Found a white marble altar of Elyvilon.
    45 | D        | Found a blossoming altar of Fedhas.
    45 | D        | Found an opulent altar of Gozag.
    46 | D        | Found a hazy altar of Hepliaklqana.
    47 | D        | Found a viscous altar of Jiyva.
    48 | D        | Found an ancient bone altar of Kikubaaqudgha.
    49 | D        | Found a corrupted altar of Lugonu.
    50 | D        | Found a burning altar of Makhleb.
    51 | D        | Found a sparkling altar of Nemelex Xobeh.
    52 | D        | Found an iron altar of Okawaru.
    53 | D        | Became a worshipper of Gozag Ym Sagoz the Greedy
    54 | D        | Found a stormy altar of Qazlal.
    55 | D        | Found a sacrificial altar of Ru.
    56 | D        | Found a shimmering blue altar of Sif Muna.
    57 | D        | Found a bloodstained altar of Trog.
    58 | D        | Found a hide-covered altar of Uskayaw.
    59 | D        | Found a radiant altar of Vehumet.
    60 | D        | Found an ornate altar of the Wu Jian Council.
    61 | D        | Found a shimmering altar of Xom.
    62 | D        | Found a basalt altar of Yredelemnul.
    63 | D        | Found a glowing silver altar of Zin.
    64 | D        | Found a glowing golden altar of the Shining One.
    89 | D        | Noticed a kobold brigand
    89 | D        | Noticed a troll
    89 | D        | Noticed an acid dragon
    89 | D        | Noticed a centaur
    99 | D        | Killed a kobold brigand
   100 | D        | Reached skill level 9 in Polearms
   100 | D        | Reached XP level 5. HP: 43/52 MP: 4/4
   106 | D        | Slain by a troll

Illustrated notes

Levels and vault maps discovered:
D:        linesprint [early_d, line_temple, items_1, d_10, items_2, lair_1,
          lair_end, items_3, orc_1, orc_end, items_4, d_15, swamp_1, shoals_1,
          snake_1, spider_1, d_20, vaults_1, items_5, swamp_end, shoals_end,
          snake_end, spider_end, vaults_end, d_27, items_6, zot_1, zot_end,
          crypt_end, forest_end, elf_end, slime_end, tomb_end, abyss_end,
          pan_hell_end]

Skill      XL: |  1  2  3  4 |
---------------+-------------+-----
Polearms       | 6 7 9 |  9.5
Fighting       | 5 7 |  7.4
Armour         | 5 7 |  7.4
Shields        | |  3.6

Action                     |  1- 3 |  4- 6 || total
---------------------------+-------+-------++-------
  Melee: Trident           |    13 |    32 ||    45
         Headbutt          |     4 |     3 ||     7
 Armour: Scale mail        |     8 |    20 ||    28
  Dodge: Dodged            |     3 |    10 ||    13
  Block: Buckler           |       |     6 ||     6
